 Dungeon Sprint DCSS version 0.31-a0-986-g5e6e4ef867 (webtiles) character file.

Game seed: 9880349585346594429

1911 dialectric the Bludgeoner (level 9, 0/127 HPs)
             Began as a Hill Orc Berserker on Nov 19, 2023.
             Was an Elder of Trog.
             Slain by a centaur warrior
             ... wielding a +3 long sword
              (13 damage)
             ... in the Dungeon (Sprint I: "Red Sonja").
             The game lasted 00:02:02 (340 turns).

dialectric the Bludgeoner (Hill Orc Berserker)       Turns: 340, Time: 00:02:02

Health: 0/127      AC: 10    Str: 22    XL:     9   Next: 16%
Magic:  9/9        EV: 13    Int:  7    God:    Trog [****..]
Gold:   213        SH:  0    Dex: 12    Spells: 8/8 levels left

rFire   . . .        m - +1 quarterstaff (spect)
rCold   + . .        (shield currently unavailable)
rNeg    . . .        j - +4 ring mail {rC+}
rPois   .            (no helmet)
rElec   .            (no cloak)
rCorr   .            (no gloves)
SInv    .            (no boots)
Will    .....        (no amulet) Stlth
                     (no ring)
HPRegen 0.41/turn    (no ring)
MPRegen 0.11/turn

%: no teleportation
@: berserking, very quick
A: no striking features
a: Renounce Religion, Berserk, Trog's Hand, Brothers in Arms


You were in the Dungeon.
You worshipped Trog.
Trog was greatly pleased with you.
You visited 1 branch You collected 409 gold pieces.
You spent 196 gold pieces at shops.

Inventory:

Hand Weapons
 a - a +0 mace
 m - a +1 spectral quarterstaff (weapon)
Armour
 b - a +0 animal skin
 j - a +4 ring mail of cold resistance (worn)
Wands
 i - a wand of iceblast (14)
 k - a wand of digging (4)
Scrolls
 h - a scroll of blinking
 l - a scroll of immolation {unknown}
Potions
 c - a potion of curing
 e - a potion of haste
 f - 2 potions of magic
 g - a potion of berserk rage


   Skills:
 - Level 10.1 Fighting
 + Level 15.2(15.8) Maces & Flails
 + Level 5.8(10.2) Staves
 + Level 8.7 Armour
 + Level 6.1 Dodging
 - Level 1.3 Stealth


You had 8 spell levels left.
You didn't know any spells.
Your spell library was empty.

Dungeon Overview and Level Annotations

Branches:
Dungeon (1/1)

Altars:
Cheibriados
Dithmenos
Elyvilon
Fedhas
Gozag
Hepliaklqana
Kikubaaqudgha
Makhleb
Nemelex Xobeh
Okawaru
Qazlal
Ru
Sif Muna
Trog
Uskayaw
Vehumet
Wu Jian
Xom
Yredelemnul
Zin
The Shining One
Jiyva
Lugonu

Shops:
D (


Message History

The centaur warrior shouts!
The centaur warrior hits you with a +3 long sword.
The centaur warrior closely misses you.
The centaur warrior hits you with a +3 long sword!
The centaur warrior kicks you.
There is an open door, spattered with blood here.
You sock the centaur warrior!
The centaur warrior is lightly wounded.
The centaur warrior hits you with a +3 long sword!
The centaur warrior kicks you but does no damage.
You sock the centaur warrior!
The centaur warrior is moderately wounded.
The centaur warrior hits you with a +3 long sword.
The centaur warrior kicks you but does no damage.
You sock the centaur warrior!
The centaur warrior is heavily wounded.
A ballistomycete spore comes into view.
The centaur warrior hits you with a +3 long sword!
* * * LOW HITPOINT WARNING * * *
The centaur warrior kicks you but does no damage.
A red film seems to cover your vision as you go berserk!
You feel yourself moving faster!
You feel mighty!
The ballistomycete spore waves its rhizomes.
The centaur warrior closely misses you.
The centaur warrior kicks you but does no damage.
The centaur warrior hits you with a +3 long sword.
* * * LOW HITPOINT WARNING * * *
The centaur warrior kicks you.
* * * LOW HITPOINT WARNING * * *
You bludgeon the centaur warrior!!
The centaur warrior is almost dead.
The centaur warrior hits you with a +3 long sword.
* * * LOW HITPOINT WARNING * * *
The centaur warrior kicks you but does no damage.
You barely miss the centaur warrior.
The centaur warrior is almost dead.
You barely miss the centaur warrior.
The centaur warrior is almost dead.
The centaur warrior hits you with a +3 long sword!
You die...

##########################
#<.#..').#.)'..#__#..')..#
#..').#..'..#).'..'..#)..#
#..#####'#####@#__####...+
#..####..#...#c####[?#####
#..#__####..##*#~~~c.#
#..#_____##'#_.'§§§§.+
#⌠⌠#_.∩...†..._#~§§c§#
####_..__##_.#'##'####
#_____###'#.# §. #######
#.### ##


You could see a centaur warrior and a ballistomycete spore.

Vanquished Creatures
  A centaur warrior (D)
  2 kobold demonologists (D)
  A glass eye (D)
  A slime creature (D)
  Sigmund (D)
  A yak (D)
  An ogre (D)
  A jelly (D)
  Ijyb (D)
  A ballistomycete spore (D)
11 creatures vanquished.

Notes
Turn   | Place    | Note
-------+----------+-------------------------------------------
     0 | D        | dialectric the Hill Orc Berserker began the quest for the
                  | Orb.
     0 | D        | Reached XP level 1. HP: 19/19 MP: 1/1
     2 | D        | Noticed Ijyb
    11 | D        | Killed Ijyb
    12 | D        | Reached skill level 5 in Fighting
    12 | D        | Reached skill level 5 in Maces & Flails
    12 | D        | Reached XP level 2. HP: 25/30 MP: 2/2
    12 | D        | Reached XP level 3. HP: 30/37 MP: 3/3
    46 | D        | Noticed an ogre
    51 | D        | Killed an ogre
    52 | D        | Reached skill level 7 in Maces & Flails
    52 | D        | Reached XP level 4. HP: 31/48 MP: 4/4
    65 | D        | Noticed Sigmund
    73 | D        | Killed Sigmund
    73 | D        | Reached ** piety under Trog
    74 | D        | Reached skill level 10 in Fighting
    74 | D        | Reached skill level 9 in Maces & Flails
    74 | D        | Reached XP level 5. HP: 45/58 MP: 5/5
    74 | D        | Reached XP level 6. HP: 52/66 MP: 6/6
    85 | D        | Found a shimmering blue altar of Sif Muna.
    86 | D        | Found an ornate altar of the Wu Jian Council.
    87 | D        | Found a radiant altar of Vehumet.
    93 | D        | Reached skill level 5 in Armour
   124 | D        | Found Qer Ziez's Antique Weapon Emporium.
   124 | D        | Found an ancient bone altar of Kikubaaqudgha.
   124 | D        | Found a hazy altar of Hepliaklqana.
   124 | D        | Found a hide-covered altar of Uskayaw.
   124 | D        | Found a basalt altar of Yredelemnul.
   124 | D        | Found an opulent altar of Gozag.
   124 | D        | Found a snail-covered altar of Cheibriados.
   124 | D        | Found a sacrificial altar of Ru.
   124 | D        | Found a shadowy altar of Dithmenos.
   124 | D        | Noticed a yak
   128 | D        | Killed a yak
   129 | D        | Reached skill level 11 in Maces & Flails
   129 | D        | Reached XP level 7. HP: 72/72 MP: 7/7
   129 | D        | Found a stormy altar of Qazlal.
   129 | D        | Found a blossoming altar of Fedhas.
   129 | D        | Found a bloodstained altar of Trog.
   129 | D        | Found an iron altar of Okawaru.
   129 | D        | Found a glowing golden altar of the Shining One.
   129 | D        | Found a glowing silver altar of Zin.
   129 | D        | Found a white marble altar of Elyvilon.
   130 | D        | Found a sparkling altar of Nemelex Xobeh.
   136 | D        | Bought a runed quarterstaff for 196 gold pieces
   150 | D        | Found a burning altar of Makhleb.
   150 | D        | Found a shimmering altar of Xom.
   150 | D        | Noticed a slime creature
   155 | D        | Killed a slime creature
   155 | D        | Reached *** piety under Trog
   156 | D        | Reached skill level 12 in Maces & Flails
   156 | D        | Reached skill level 1 in Staves
   156 | D        | Found a viscous altar of Jiyva.
   156 | D        | Found a corrupted altar of Lugonu.
   171 | D        | Noticed a kobold demonologist
   171 | D        | Noticed a glass eye
   172 | D        | Noticed a kobold demonologist
   183 | D        | Killed a kobold demonologist
   184 | D        | Reached skill level 13 in Maces & Flails
   184 | D        | Reached skill level 5 in Dodging
   184 | D        | Reached XP level 8. HP: 79/79 MP: 8/8
   186 | D        | Killed a kobold demonologist
   187 | D        | Reached skill level 14 in Maces & Flails
   201 | D        | Killed a glass eye
   201 | D        | Reached **** piety under Trog
   224 | D        | Noticed a centaur warrior
   225 | D        | Noticed a centaur warrior
   242 | D        | Killed a centaur warrior
   243 | D        | Reached skill level 15 in Maces & Flails
   243 | D        | Reached skill level 5 in Staves
   243 | D        | Reached skill level 1 in Stealth
   243 | D        | Reached XP level 9. HP: 44/85 MP: 9/9
   340 | D        | Slain by a centaur warrior

Illustrated notes

Levels and vault maps discovered:
D:        dungeon_sprint_1 [red_sonja_temple_1, red_sonja_temple_small_1]

Skill      XL: |  1  2  3  4  5  6  7  8 |
---------------+-------------------------+-----
Fighting       | 5 7 10 | 10.1
Maces & Flails | 5 7 9 11 13 15 | 15.2
Armour         | 3 4 5 7 8 |  8.7
Dodging        | 2 3 4 5 6 |  6.1
Staves         | 2 5 |  5.8
Stealth        | 1 |  1.3

Action                     |  1- 3 |  4- 6 |  7- 9 || total
---------------------------+-------+-------+-------++-------
  Melee: Mace              |    11 |    14 |       ||    25
         Quarterstaff      |       |       |    40 ||    40
 Invoke: Berserk           |     1 |     1 |     3 ||     5
    Use: Potion            |       |       |     1 ||     1
   Stab: Distracted        |       |       |     1 ||     1
 Armour: Animal skin       |     5 |       |       ||     5
         Ring mail         |     1 |     6 |    39 ||    46
  Dodge: Dodged            |     2 |     5 |    13 ||    20

Table legend: (Time is in decaauts)
 A = Elapsed time spent in this place.
 B = Non-inter-level travel time spent in this place.
 C = Inter-level travel time spent in this place.
 D = Time resting spent in this place.
 E = Time spent auto-exploring this place.
 F = Levels seen in this place.
 G = Mean time per level.
                   A        B        C        D        E       F      G
               +--------+--------+--------+--------+--------+-----+--------+
         Total |    373 |    373 |      0 |    101 |      0 |   1 |  373.0 |
       Dungeon |    373 |    373 |      0 |    101 |      0 |   1 |  373.0 |
               +--------+--------+--------+--------+--------+-----+--------+

Top non-repeatable levels by time:
       D: 373 daAuts
